 Dungeon Crawl Stone Soup version 0.24.0-1-gfbc8707122 (webtiles) character file.

Game seed: 1651051494327829923, levelgen mode: deterministic

7384 Arum the Fighter (level 11, -2/92 (93) HPs)
             Began as a Formicid Fighter on Oct 27, 2019.
             Was an Elder of Okawaru.
             Killed from afar by an electric eel (9 damage)
             ... with a bolt of electricity
             ... on level 9 of the Dungeon.
             The game lasted 00:16:09 (9459 turns).

Arum the Fighter (Formicid Fighter)                 Turns: 9459, Time: 00:16:09

HP:   -2/92 (93)    AC: 16    Str: 21    XL:     11   Next: 36%
MP:   11/11         EV: 11    Int:  9    God:    Okawaru [****..]
Gold: 397           SH: 11    Dex: 12    Spells: 10/10 levels left

rFire    . . .     SeeInvis +   y - +3 quarterstaff (chaos)
rCold    . . .     Gourm    .   c - +0 shield
rNeg     + . .     Faith    .   H - +3 chain mail {rN+}
rPois    .         Spirit   .   (helmet unavailable)
rElec    .         Reflect  .   k - +0 cloak
rCorr    .         Harm     .   v - +0 pair of gloves
MR       +....                  (no boots)
Stlth    ..........             (no amulet)
HPRegen  0.25/turn              K - +3 ring of evasion
MPRegen  0.12/turn              (no ring)

@: no status effects
A: permanent stasis, dig shafts and tunnels, four strong arms, antennae 3
a: Dig, Shaft Self, Heroism, Renounce Religion


You were on level 9 of the Dungeon.
You worshipped Okawaru.
Okawaru was greatly pleased with you.
You were not hungry.

You visited 2 branches of the dungeon, and saw 10 of its levels.

You collected 397 gold pieces.

Inventory:

Hand Weapons
 a - a +0 quarterstaff
 x - a +0 falchion of flaming
 y - a +3 quarterstaff of chaos (weapon)
Missiles
 n - 3 throwing nets (quivered)
 w - a boomerang of dispersal
Armour
 c - a +0 shield (worn)
 k - a +0 cloak (worn)
 v - a +0 pair of gloves (worn)
 H - a +3 chain mail of positive energy (worn)
 M - a +0 troll leather armour
Jewellery
 u - an uncursed amulet of guardian spirit
 K - a +3 ring of evasion (left hand)
Wands
 q - a wand of clouds (6)
 F - a wand of flame (13)
Scrolls
 e - 5 scrolls of teleportation
 h - 5 scrolls of identify
 i - 3 scrolls of enchant weapon {unknown}
 l - 2 scrolls of amnesia
 m - 2 scrolls of fog {unknown}
 o - 2 scrolls of enchant armour {unknown}
 t - a scroll of magic mapping {unknown}
 C - a scroll of random uselessness {unknown}
 D - 6 scrolls of remove curse
 G - a scroll of fear {unknown}
 L - 2 scrolls of blinking {unknown}
Potions
 b - 2 potions of mutation {unknown}
 d - 2 potions of might
 g - 3 potions of flight {unknown}
 j - 2 potions of heal wounds
 p - a potion of cancellation {unknown}
 r - 3 potions of curing
 s - 2 potions of agility {unknown}
 z - a potion of brilliance {unknown}
 A - 2 potions of degeneration {unknown}
 B - a potion of lignification {unknown}
 E - 3 potions of haste {unknown}
Comestibles
 f - 23 rations
 J - 3 chunks of flesh


   Skills:
 + Level 11.2 Fighting
 + Level 10.1 Staves
 + Level 7.7 Armour
 - Level 9.0 Shields


You had 10 spell levels left.
You didn't know any spells.
Your spell library contained the following spells:

 Spells                   Type           Power        Failure   Level  Hunger
 Magic Dart               Conj           #...         96%         1    ##.....
 Call Imp                 Summ           #.......     99%         2    ###....
 Slow                     Hex            #.......     99%         2    ###....
 Conjure Flame            Conj/Fire      #.......     100%        3    ####...
 Mephitic Cloud           Conj/Pois/Air  #.......     100%        3    ####...
 Blink                    Tloc           Unusable     N/A         2    N/A

Dungeon Overview and Level Annotations

Branches:
Dungeon (9/15)             Temple (1/1) D:7
   Lair: D:8-11         Orc: D:9-12

Altars:
Ashenzari
Cheibriados
Dithmenos
Elyvilon
Fedhas
Gozag
Hepliaklqana
Kikubaaqudgha
Makhleb
Nemelex Xobeh
Okawaru
Qazlal
Ru
Sif Muna
Vehumet
Xom
Yredelemnul
Zin
The Shining One
Lugonu


Innate Abilities, Weirdness & Mutations

You cannot be hasted, slowed, berserked, paralysed or teleported.
You can dig through walls and to a lower floor.
Your four strong arms can wield two-handed weapons with a shield.
You have a pair of large antennae on your head. (SInv)


Message History

You hit the troll. You freeze the troll.
The troll is moderately wounded.
Some of the chunks of flesh in your inventory have rotted away.
You now have 397 gold pieces (gained 17).
There are no items here.
An adder zombie comes into view.
An electric eel comes into view.
The electric eel shoots out a bolt of lightning at you!
The bolt of electricity hits the adder zombie!
The bolt of electricity hits you.
* * * LOW HITPOINT WARNING * * *
The adder zombie bites you but does no damage.
You enter the shallow water.
Moving in this stuff is going to be slow.
You block the adder zombie's attack.
The electric eel shoots out a bolt of lightning at you!
The bolt of electricity hits the adder zombie!
The adder zombie is destroyed!
The bolt of electricity hits you!
You die...

♣≈≈≈≈.≈≈≈≈≈≈♣ ###
♣♣PP;P.≈≈≈≈≈ #
♣≈P≈≈P.≈≈≈♣ .#### #
♣♣≈≈≈≈≈.≈≈P♣ .... #
♣≈≈≈≈≈≈≈.≈≈♣ #..##
♣♣≈≈≈≈≈≈≈.≈≈♣ #...#
≈PP≈≈≈≈≈≈.≈≈♣♣ ♣##
###....
♣P≈≈≈≈≈≈.≈P≈♣♣♣≈###≈≈♣♣♣.
≈≈≈≈≈≈≈@≈≈≈≈P≈P≈♣≈≈≈≈≈≈≈
#♣≈≈≈≈≈.≈≈≈≈≈≈≈≈≈≈≈≈P≈≈≈
#♣P≈≈≈.≈≈P≈≈≈≈≈P≈PP≈P≈≈
#≈≈÷..................
##≈♣..♣≈≈≈≈≈≈P≈≈≈≈≈≈≈≈
###...≈♣≈P≈≈♣♣♣♣≈P≈≈≈
#.[>.≈♣♣♣≈≈≈≈♣≈≈P≈≈
###)..♣≈≈.#...♣♣≈♣≈
#....T..##.......


You could see an electric eel.

Vanquished Creatures
  2 two-headed ogres
  Pikel (D:5)
  Psyche (D:8)
  A troll (D:9)
  Prince Ribbit (D:4)
  A hippogriff (D:9)
  2 wraiths (D:9)
  Eustachio (D:4)
  Duvessa (D:4)
  2 ice beasts
  2 necrophages
  3 orc warriors
  2 sky beasts (D:6)
  2 phantoms
  A slave (D:5)
  2 ogres (D:7)
  3 centaurs
  An elf zombie (D:9)
  A big kobold (D:7)
  7 bullfrogs
  A water moccasin zombie (D:7)
  Dowan (D:4)
  A water moccasin skeleton (D:7)
  8 scorpions
  6 wights
  An electric eel (D:9)
  5 crimson imps
  3 hounds
  3 human zombies (D:9)
  A quasit (D:8)
  A bullfrog skeleton (D:7)
  A centaur zombie (D:8)
  Crazy Yiuf (D:6)
  2 orc priests
  2 iguanas
  2 centaur skeletons
  Ijyb (D:3)
  A human skeleton (D:9)
  Natasha (twice) (D:3)
  8 orc wizards
  5 worker ants
  A hound skeleton (D:6)
  A mummy (D:9)
  2 worker ant zombies
  A howler monkey skeleton (D:4)
  8 adders
  9 gnolls
  2 shadow imps
  An adder skeleton (D:8)
  3 worms
  4 dart slugs
  5 leopard geckos
  40 orcs
  4 ball pythons
  5 giant cockroaches
  10 goblins
  4 hobgoblins
  8 jackals
  23 kobolds
  2 quokkas
  5 bats
  4 frilled lizards
  An orc skeleton (D:9)
  8 rats
244 creatures vanquished.

Vanquished Creatures (others)
  An adder zombie (D:9)
1 creature vanquished.

Grand Total: 245 creatures vanquished

Notes
Turn   | Place    | Note
-------+----------+-------------------------------------------
     0 | D:1      | Arum the Formicid Fighter began the quest for the Orb.
     0 | D:1      | Reached XP level 1. HP: 18/18 MP: 1/1
    89 | D:1      | Reached XP level 2. HP: 22/24 MP: 2/2
   280 | D:1      | Reached XP level 3. HP: 26/30 MP: 3/3
   716 | D:2      | Found a glowing silver altar of Zin.
   867 | D:2      | Reached skill level 4 in Fighting
   870 | D:2      | Reached XP level 4. HP: 36/37 MP: 4/4
   909 | D:2      | You fall into a shaft and drop 1 floor!
  1187 | D:2      | Reached XP level 5. HP: 42/42 MP: 5/5
  1371 | D:3      | Noticed Natasha
  1382 | D:3      | Killed Natasha
  1382 | D:3      | Reached skill level 5 in Shields
  1389 | D:3      | Found a snail-covered altar of Cheibriados.
  1389 | D:3      | Found a basalt altar of Yredelemnul.
  1389 | D:3      | Found an iron altar of Okawaru.
  1389 | D:3      | Found a shadowy altar of Dithmenos.
  1390 | D:3      | Found an iron altar of Okawaru.
  1390 | D:3      | Found a shimmering altar of Xom.
  1889 | D:3      | Reached XP level 6. HP: 49/49 MP: 6/6
  2036 | D:3      | Noticed Natasha
  2043 | D:3      | Killed Natasha
  2289 | D:3      | Noticed Ijyb
  2309 | D:3      | Killed Ijyb
  2309 | D:3      | Reached skill level 5 in Fighting
  2407 | D:3      | Found a shimmering blue altar of Sif Muna.
  3020 | D:4      | Reached XP level 7. HP: 30/56 MP: 7/7
  3243 | D:4      | Found a white marble altar of Elyvilon.
  3541 | D:4      | Found a shattered altar of Ashenzari.
  3687 | D:4      | Noticed Edmund
  3699 | D:4      | Noticed Edmund
  3699 | D:4      | Edmund changed into Edmund the ice beast
  3707 | D:4      | Killed Edmund the ice beast
  3707 | D:4      | Reached skill level 6 in Fighting
  3993 | D:4      | Noticed Eustachio
  4012 | D:4      | Killed Eustachio
  4012 | D:4      | Reached skill level 5 in Staves
  4012 | D:4      | Reached XP level 8. HP: 56/65 MP: 8/8
  4208 | D:4      | Noticed Duvessa
  4208 | D:4      | Noticed Dowan
  4209 | D:4      | Found a burning altar of Makhleb.
  4232 | D:4      | Killed Duvessa
  4241 | D:4      | Killed Dowan
  4347 | D:5      | Entered Level 5 of the Dungeon
  4347 | D:5      | Noticed Prince Ribbit
  4492 | D:4      | Killed Prince Ribbit
  4492 | D:4      | Reached skill level 7 in Fighting
  4762 | D:5      | Reached XP level 9. HP: 62/72 MP: 9/9
  4787 | D:5      | Got a shimmering dagger
  4788 | D:5      | Identified the +8 dagger "Jutifu" {protect, MR+ Str+6} (You
                  | found it on level 5 of the Dungeon)
  4961 | D:5      | Found an iron altar of Okawaru.
  4969 | D:5      | Became a worshipper of Warmaster Okawaru
  4999 | D:5      | Found a blossoming altar of Fedhas.
  5224 | D:5      | Noticed Pikel
  5262 | D:5      | Killed Pikel
  5262 | D:5      | Reached * piety under Okawaru
  5262 | D:5      | Reached skill level 8 in Fighting
  5632 | D:5      | Found a sparkling altar of Nemelex Xobeh.
  5936 | D:6      | Found a runed translucent door.
  5937 | D:6      | Noticed Crazy Yiuf
  5950 | D:6      | Killed Crazy Yiuf
  5995 | D:6      | Reached ** piety under Okawaru
  6048 | D:6      | Reached skill level 9 in Fighting
  6396 | D:6      | Found a sacrificial altar of Ru.
  6670 | D:6      | Reached XP level 10. HP: 69/83 MP: 10/10
  7163 | D:7      | Found a staircase to the Ecumenical Temple.
  7173 | Temple   | Entered the Ecumenical Temple
  7347 | D:7      | Reached skill level 5 in Armour
  8055 | D:8      | Noticed a two-headed ogre
  8055 | D:8      | Noticed Psyche
  8058 | D:8      | Killed Psyche
  8058 | D:8      | Reached skill level 10 in Fighting
  8063 | D:8      | Killed a two-headed ogre
  8063 | D:8      | Reached *** piety under Okawaru
  8678 | D:8      | Reached **** piety under Okawaru
  8692 | D:8      | Found a hazy altar of Hepliaklqana.
  8957 | D:8      | Reached XP level 11. HP: 82/91 MP: 11/11
  8996 | D:8      | Found a snail-covered altar of Cheibriados.
  8996 | D:8      | Found a shimmering altar of Xom.
  9282 | D:9      | Found a basalt altar of Yredelemnul.
  9323 | D:9      | Reached skill level 11 in Fighting
  9419 | D:9      | Noticed a two-headed ogre
  9435 | D:9      | Killed a two-headed ogre
  9435 | D:9      | Reached skill level 10 in Staves
  9459 | D:9      | Killed from afar by an electric eel

Levels and vault maps discovered:
D:1:      minmay_arrival_three_doors, layout_basic
D:2:      layout_loops_ring, lemuel_coloured_pillars_altar, first_ration
D:3:      layout_loops_corners, marbit_many_paths, doesnt_xom_only_xom,
          uniq_natasha, uniq_ijyb
D:4:      layout_basic, kennysheep_mini_moat, lightli_temple_of_fire,
          lemuel_round_altar, uniq_edmund, uniq_eustachio, uniq_duvessa
D:5:      layout_basic, overflow_temple_1_default,
          fedhas_bush_and_centaur_altar, kennysheep_okawaru_gauntlet,
          uniq_prince_ribbit1, uniq_pikel
D:6:      layout_gridville, lemuel_crystal_altar, uniq_crazy_yiuf_cottage
D:7:      layout_loops_cross, minmay_temple_entry_water_ring, grunt_ogre_cave
D:8:      layout_cave_pods, old_standard_altar, amethyst_overflow_temple_binary,
          uniq_psyche
D:9:      layout_cave_pools, old_standard_altar,
          lemuel_mausoleum_altar_yredelemnul, eat_drink_and_be_merry_uskayaw,
          overflow_temple_1_default, lair_entry_dummy, david_orc_2,
          gammafunk_ghost_smash, serial_bayou, serial_bayou_pond_c,
          serial_bayou_crossing, serial_bayou_shore_b, serial_bayou_pond_b,
          serial_bayou_lagoon_b, uniq_harold, uniq_maurice
Temple:   corrupted_temple

Skill      XL: |  1  2  3  4  5  6  7  8  9 10 11 |
---------------+----------------------------------+-----
Shields        | 4 5 6 8 9 |  9.0
Fighting       | 4 5 6 7 9 10 11 | 11.2
Staves         | 3 4 5 6 8 9 10 | 10.1
Armour         | 6 7 |  7.7

Action                   |  1- 3 |  4- 6 |  7- 9 | 10-12 || total
-------------------------+-------+-------+-------+-------++-------
Melee: Quarterstaff      |   102 |   227 |   343 |   300 ||   972
Throw: Throwing net      |       |       |     1 |       ||     1
 Abil: Dig               |       |     3 |     4 |       ||     7
Evoke: Wand              |       |       |     5 |    17 ||    22
  Use: Scroll            |       |     4 |     2 |       ||     6
       Potion            |       |     1 |       |       ||     1
 Stab: Confused          |       |       |       |     4 ||     4
       Paralysed         |       |       |       |     6 ||     6
  Eat: Chunk             |       |     7 |    12 |    10 ||    29
Armor: Scale mail        |    59 |    60 |   116 |    12 ||   247
       Skin              |       |     2 |       |       ||     2
       Chain mail        |       |       |       |    51 ||    51
Dodge: Dodged            |    41 |    67 |    80 |    75 ||   263
Block: Shield            |    48 |   112 |   173 |   110 ||   443
